 Dungeon Crawl Stone Soup version 0.29.1-15-g9cfb28693d (webtiles) character file.

Game seed: 10974629554695836548

177109 Gabide the Cardsharp (level 18, -5/151 HPs)
             Began as a Human Monk on Mar 31, 2023.
             Was a High Priest of Nemelex Xobeh.
             Hit by a javelin thrown by a merfolk javelineer (17 damage)
             ... on level 4 of the Shoals.
             The game lasted 01:34:15 (36991 turns).

Gabide the Cardsharp (Human Monk)                  Turns: 36991, Time: 01:34:16

Health: -5/151     AC: 15    Str: 16    XL:     18   Next: 82%
Magic:  32/32      EV: 38    Int: 15    God:    Nemelex Xobeh [*****.]
Gold:   1014       SH:  0    Dex: 42    Spells: 17/17 levels left

rFire   . . .      SeeInvis .   w - +4 double sword (holy)
rCold   + + +      Faith    .   k - orb {light}
rNeg    + + +      Spirit   .   l - +4 robe of Augmentation {Str+4 Int+4 Dex+4}
rPois   +          Reflect  .   F - -1 helmet of Seprua Fibra {-Cast rElec rN+++ Dex+4}
rElec   +          Harm     .   V - scarf {rC+ rF+}
rCorr   .          Rampage  .   x - +2 pair of gloves
Will    ++++.      NoCast   +   M - +1 pair of boots of the End {Will+++}
Stlth   +.........              U - amulet of regeneration
HPRegen 1.15/turn               G - +6 ring of dexterity
MPRegen 0.23/turn               L - ring "Waboxieh" {rF- rC++ AC+4 Dex+5}

@: glowing, studying 2 skills, very slow
A: hooves 1, poison resistance
a: Renounce Religion, Draw Escape, Draw Destruction, Draw Summoning, Draw Stack,
Triple Draw, Deal Four, Stack Five


You were on level 4 of the Shoals.
You worshipped Nemelex Xobeh.
Nemelex Xobeh was extremely pleased with you.
You visited 5 branches of the dungeon, and saw 27 of its levels.
You also visited: Ice Cave.

You collected 3383 gold pieces.
You spent 2369 gold pieces at shops.

Inventory:

Hand Weapons
 w - a +4 double sword of holy wrath (weapon)
Missiles
 a - 2 throwing nets
 y - 14 curare-tipped darts (quivered)
 I - 5 javelins
Armour
 i - a +2 cloak
 k - an orb of light (worn)
 l - the +4 robe of Augmentation (worn) {Str+4 Int+4 Dex+4}
   (You found it on level 5 of the Dungeon)

   Str:       It affects your strength (+4).
   Int:       It affects your intelligence (+4).
   Dex:       It affects your dexterity (+4).
 x - a +2 pair of gloves (worn)
 F - the -1 helmet of Seprua Fibra (worn) {-Cast rElec rN+++ Dex+4}
   (You bought it in a shop on level 9 of the Dungeon)

   Dex:       It affects your dexterity (+4).
   rElec:     It insulates you from electricity.
   rN:        It renders you almost immune to negative energy.
   -Cast:     It prevents spellcasting.
 M - the +1 pair of boots of the End (worn) {Will+++}
   (You found it on level 5 of the Lair of Beasts)

   Will:      It greatly increases your willpower.
 V - a scarf of resistance (worn)
 Z - a +2 robe of resistance
Jewellery
 g - a ring of protection from cold
 o - a ring of ice
 p - a +6 ring of dexterity
 r - a ring of see invisible
 t - the ring "Amuipydgh" {rN+ rCorr}
   (You took it off a necromancer in an ice cave)

   [ring of positive energy]

   rN:        It protects you from negative energy.
   rCorr:     It protects you from acid and corrosion.
 G - a +6 ring of dexterity (left hand)
 H - a ring of protection from fire
 L - the ring "Waboxieh" (right hand) {rF- rC++ AC+4 Dex+5}
   (You found it on level 1 of the Shoals)

   [ring of protection]

   AC:        It affects your AC (+4).
   Dex:       It affects your dexterity (+5).
   rF:        It makes you vulnerable to fire.
   rC:        It greatly protects you from cold.
 S - the ring "Leotil" {Fly rN+ Int+8 Dex-5}
   (You found it on level 4 of the Shoals)

   [ring of flight]

   Int:       It affects your intelligence (+8).
   Dex:       It affects your dexterity (-5).
   rN:        It protects you from negative energy.
   Fly:       It grants you flight.
 U - an amulet of regeneration (around neck)
 Y - a ring of flight
Wands
 d - a wand of digging (14)
 E - a wand of polymorph (8)
 N - a wand of mindburst (15)
 Q - a wand of charming (17)
 W - a wand of acid (9)
Scrolls
 f - 2 scrolls of magic mapping
 m - 2 scrolls of enchant armour
 u - a scroll of brand weapon
 v - 16 scrolls of poison
 z - 6 scrolls of teleportation
 A - 7 scrolls of butterflies
 B - 3 scrolls of silence
 C - 12 scrolls of identify
 D - 2 scrolls of vulnerability
 J - a scroll of summoning
 R - 2 scrolls of immolation
 T - 2 scrolls of blinking
Potions
 b - a potion of cancellation
 c - a potion of magic
 e - 6 potions of curing
 h - 2 potions of flight
 j - a potion of resistance
 n - a potion of heal wounds
 q - a potion of attraction
 s - 3 potions of haste
 K - 2 potions of might
 O - a potion of mutation
 P - 3 potions of invisibility
 X - 3 potions of lignification


   Skills:
 - Level 16.0 Fighting
 - Level 16.0 Long Blades
 - Level 16.0 Dodging
 - Level 2.0 Stealth
 + Level 20.5 Invocations


You had 17 spell levels left.
You didn't know any spells.
Your spell library contained the following spells:

 Spells                   Type           Power      Damage    Failure   Level
 Freeze                   Ice            0%         1d3       26%         1
 Magic Dart               Conj           0%         1d3       26%         1
 Necrotise                Necr           0%         1d4       26%         1
 Slow                     Hex            0%         N/A       26%         1
 Summon Small Mammal      Summ           0%         N/A       26%         1
 Blink                    Tloc           0%         N/A       38%         2
 Searing Ray              Conj           0%         2d4       38%         2
 Sublimation of Blood     Necr           0%         N/A       38%         2
 Wereblood                Tmut           0%         N/A       38%         2
 Call Canine Familiar     Summ           0%         N/A       63%         3
 Confusing Touch          Hex            0%         N/A       63%         3
 Conjure Flame            Conj/Fire      0%         6-21      63%         3
 Frozen Ramparts          Ice            0%         1d1       63%         3
 Gell's Gravitas          Tloc           0%         N/A       63%         3
 Ignite Poison            Fire/Tmut/Pois 0%         N/A       63%         3
 Lesser Beckoning         Tloc           0%         N/A       63%         3
 Ozocubu's Armour         Ice            0%         N/A       63%         3
 Portal Projectile        Hex/Tloc       0%         N/A       63%         3
 Summon Guardian Golem    Hex/Summ       0%         N/A       63%         3
 Teleport Other           Tloc           0%         N/A       63%         3
 Tukima's Dance           Hex            0%         N/A       63%         3
 Vampiric Draining        Necr           0%         2d6       63%         3
 Anguish                  Hex/Necr       0%         N/A       95%         4
 Fulminant Prism          Conj/Hex       0%         3d6       95%         4
 Hailstorm                Conj/Ice       0%         3d3       95%         4
 Leda's Liquefaction      Hex/Erth       0%         N/A       95%         4
 Sticky Flame             Conj/Fire      0%         2d3       95%         4
 Agony                    Necr           0%         N/A       100%        5
 Blade Hands              Tmut           0%         N/A       100%        5
 Iskenderun's Battlesphe  Conj           0%         2d6       100%        5
 Manifold Assault         Tloc           0%         N/A       100%        5
 Iron Shot                Conj/Erth      0%         9d1       100%        6
 Simulacrum               Ice/Necr       0%         N/A       100%        6
 Ozocubu's Refrigeration  Ice            0%         4d7       100%        7
 Spellforged Servitor     Conj/Summ      0%         N/A       100%        7
 Summon Hydra             Summ           0%         N/A       100%        7
 Necromutation            Tmut/Necr      0%         N/A       100%        8
 Death's Door             Necr           0%         N/A       100%        9


Dungeon Overview and Level Annotations

Branches:
Dungeon (15/15)            Temple (1/1) D:4            Lair (5/5) D:11
 Shoals (4/4) Lair:2        Snake (0/4) Lair:3        Slime (0/5) Lair:5
    Orc (2/2) D:10            Elf (0/3) Orc:2        Vaults (0/5) D:13
 Depths (0/4) D:15          IceCv (visited)

Altars:
Ashenzari
Cheibriados
Dithmenos
Elyvilon
Fedhas
Gozag
Hepliaklqana
Kikubaaqudgha
Makhleb
Nemelex Xobeh
Okawaru
Qazlal
Ru
Sif Muna
Trog
Uskayaw
Vehumet
Wu Jian
Xom
Yredelemnul
Zin
The Shining One

Shops:
D:7 :   D:9 [*!*   D:12 [   Orc:1 [   Orc:2 :=***   Shoals:1 ?   Shoals:3 (

Annotations:
Lair:5 exclusion: oklob plant


Innate Abilities, Weirdness & Mutations

You have large cloven feet.
Your system is resistant to poisons. (rPois)


Message History

The alligator snapping turtle completely misses you.
The merfolk impaler completely misses you.
A snapping turtle comes into view.
The water elemental completely misses you.
The merfolk impaler closely misses you. The merfolk completely misses you.
Okay, then.
Unknown command.
Unknown command.
You cannot read scrolls while unable to breathe!
You slip free of the water engulfing you.
The alligator snapping turtle attacks as you move away!
The alligator snapping turtle misses you.
The water elemental attacks as you move away!
The water elemental completely misses you.
You gasp with relief as air once again reaches your lungs.
The merfolk aquamancer hits you with a +0 rapier!
* * * LOW HITPOINT WARNING * * *
The merfolk impaler hits you from afar with a +3 trident of flaming!
* * * LOW HITPOINT WARNING * * *
The merfolk impaler burns you.
* * * LOW HITPOINT WARNING * * *
The alligator snapping turtle completely misses you.
The merfolk impaler misses you. The merfolk barely misses you.
Okay, then.
Unknown command.
Unknown command.
Blink to where?
Press: ? - help, Dir - move target, p - alligator snapping turtle Splash! 2 merfolk javelineers come into view.
A merfolk javelineer is wielding a +2 vorpal spear.
A merfolk javelineer is wielding a +0 spear and quivering silver javelins.
As you read the scroll of blinking, it crumbles to dust.
The merfolk javelineer shouts!
The alligator snapping turtle hisses angrily.
The merfolk javelineer throws a silver javelin.
The silver javelin completely misses you.
The merfolk javelineer throws a javelin.
The javelin pierces through you!
You die...
Your body glows with a rainbow of weird colours and disappears.

~~~~~~~~~~~m~~≈~~~
~~~~.....§~m~~≈~~~...≈≈≈
~.....t..~m(mE≈~~~....~≈
......~~.†~t~~~≈~~...m..
......~..~~~m~≈≈~~......
........~~~~≈≈≈≈~~.....~
........~~t~≈≈≈≈~~.....~
~~.....~~~~~~~P~~~P....~
#~~~~~~~~~~~~t~~@~~~...~
####~~~)~~~~~~P~~P~~~...
~~~###~..~~~~~~~~~~.P#.~
≈~~.##~~.P~~~P~~~~...#
~#.###.~^~P~~~P~~~m....
..≈# #.P.~~~~~P~P~~...~~
.#.###...~~~~~~~P~~~~~~~
≈...##~..~P~~~~~~~~~~P~~
~#..##...PP.P..PP~.~~


You could see 2 alligator snapping turtles, 2 merfolk impalers, 2 merfolk
javelineers, a merfolk aquamancer, a snapping turtle, a merfolk and a water
elemental.

Vanquished Creatures
  A kraken (Shoals:2)
  Donald (Orc:2)
  Kirke (D:14)
  A fenstrider witch (Shoals:2)
  An orc warlord (Orc:2)
  An emperor scorpion (Lair:2)
  A ghost moth (Lair:2)
  A stone giant (Lair:2)
  An entropy weaver (Lair:3)
  Snorg (Orc:2)
  2 dire elephants (Lair:5)
  3 merfolk javelineers
  A great orb of eyes (shapeshifter) (D:15)
  2 merfolk impalers
  2 boulder beetles (D:15)
  6 hydras
  The ghost of vampirul the Cleaver, a journeyman FoFi of Hepliaklqana (D:10)
  A catoblepas (Lair:2)
  2 merfolk avatars
  An ogre mage (D:13)
  10 two-headed ogres
  3 centaur warriors (D:15)
  3 merfolk aquamancers
  A vampire mage (D:15)
  4 death yaks
  3 tengu warriors (D:14)
  An orc high priest (Orc:2)
  Sonja (Lair:5)
  The ghost of vvl the Stinger, a novice DsVM of Sif Muna (D:9)
  Nergalle (Orc:1)
  3 skeletal warriors
  A spectral anaconda (Lair:5)
  5 sea snakes
  4 spectral death yaks (Lair:5)
  A wizard (D:15)
  An obsidian statue (Lair:5)
  18 ugly things
  6 deep elf pyromancers
  14 orc knights
  25 harpies
  4 necromancers
  3 orc sorcerers
  18 cyclopes
  A shadow dragon skeleton (D:15)
  11 manticores
  A sphinx skeleton (D:15)
  16 fauns
  2 oklob plants (Lair:5)
  8 elephants
  8 water nymphs
  4 black mambas
  2 merfolk sirens
  4 centaur skeletons (D:13)
  An ice statue (IceCv)
  13 cane toads
  3 unseen horrors
  2 torpor snails
  6 komodo dragons
  3 freezing wraiths (IceCv)
  A kobold demonologist (D:13)
  5 rime drakes
  3 anaconda simulacra (IceCv)
  12 trolls
  12 ice devils (IceCv)
  4 wind drakes
  24 merfolk
  6 polar bears
  33 blink frogs
  9 saltlings (Orc:2)
  8 slime creatures
  22 dream sheep
  9 snapping turtles
  3 spectral elephants (Lair:5)
  A shadow (D:10)
  A spriggan zombie (D:15)
  An ettin zombie (D:15)
  9 wyverns
  A centaur simulacrum (D:10)
  A dire elephant simulacrum (IceCv)
  A vampire (D:12)
  12 water elementals
  10 basilisks
  3 wraiths
  46 yaks
  2 neqoxecs (D:9)
  4 steam dragons
  5 death yak simulacra (IceCv)
  2 fire elementals (D:14)
  2 harpy simulacra (IceCv)
  A spectral cane toad (Lair:5)
  8 vampire mosquitoes
  2 acid dragons (D:12)
  9 water moccasins
  20 orc warriors
  10 ogres
  A sky beast (D:8)
  An ice beast (D:7)
  4 black bears
  25 centaurs
  23 wolves
  8 kobold brigands
  A phantom (D:5)
  An elephant skeleton (Lair:5)
  10 bullfrogs
  A gnoll sergeant (D:6)
  2 necrophages
  3 two-headed ogre simulacra (IceCv)
  2 scorpions
  2 cane toad simulacra (IceCv)
  7 wights
  8 elephant simulacra (IceCv)
  5 howler monkeys
  4 electric eels
  3 quasits (D:9)
  3 jellies
  5 hounds
  8 orc priests
  6 gnoll boudas
  5 iguanas
  20 orc wizards
  3 polar bear simulacra (IceCv)
  A spriggan simulacrum (IceCv)
  16 hell rats
  2 wolf simulacra (IceCv)
  A troll simulacrum (IceCv)
  Robin (D:3)
  31 gnolls
  4 adders
  A shadow imp (D:5)
  2 white imps
  2 ufetubi
  4 worms
  2 dart slugs
  57 orcs
  8 ball pythons
  13 bats
  4 endoplasms
  5 giant cockroaches
  5 hobgoblins
  4 quokkas
  3 frilled lizards (D:1)
  20 goblins
  29 kobolds
  3 rats
  4 pillars of salt (Orc:2)
  3 tentacles
935 creatures vanquished.

Vanquished Creatures (collateral kills)
  Jorgrun (Shoals:1)
  A kraken (Shoals:1)
  A dire elephant (Lair:5)
  A merfolk impaler (Shoals:1)
  2 hydras
  A catoblepas (Lair:4)
  A sea snake (Shoals:1)
  A necromancer (Lair:5)
  An oklob plant (Lair:5)
  An elephant (Lair:4)
  2 cane toads (Lair:4)
  3 merfolk (Shoals:1)
  A blink frog (Lair:1)
  2 water elementals (Shoals:4)
  A yak (D:9)
  2 wyverns (D:14)
  A water moccasin (Lair:1)
  An orc priest (D:7)
  An orc wizard (D:7)
  3 hell rats
  An orc (D:7)
  2 tentacles
31 creatures vanquished.

Vanquished Creatures (others)
  A sea snake (Shoals:3)
  A cyclops (Shoals:1)
  A dream sheep (Shoals:1)
  2 humans (D:14)
  An orc wizard (D:9)
  30 fungi
  8 pillars of salt (Orc:2)
  99 plants
  7 tentacles
  32 withered plants
182 creatures vanquished.

Grand Total: 1148 creatures vanquished

Notes
Turn   | Place    | Note
-------+----------+-------------------------------------------
     0 | D:1      | Gabide the Human Monk began the quest for the Orb.
     0 | D:1      | Reached XP level 1. HP: 18/18 MP: 1/1
   379 | D:1      | Reached XP level 2. HP: 21/24 MP: 2/2
   522 | D:1      | Found a faded altar of an unknown god.
  1061 | D:2      | Reached XP level 3. HP: 29/29 MP: 3/3
  1546 | D:2      | Got the Handbook of Rationality
  1753 | D:2      | Reached XP level 4. HP: 35/35 MP: 4/4
  2224 | D:3      | Reached XP level 5. HP: 41/41 MP: 5/5
  2244 | D:3      | Noticed Robin
  2248 | D:3      | Killed Robin
  2813 | D:4      | Noticed an ogre
  2850 | D:4      | Killed an ogre
  2851 | D:4      | Reached skill level 5 in Long Blades
  2851 | D:4      | Reached XP level 6. HP: 48/48 MP: 6/6
  3172 | D:4      | Noticed a black bear
  3214 | D:4      | Killed a black bear
  3215 | D:4      | Reached XP level 7. HP: 32/55 MP: 7/7
  3474 | D:4      | Found a staircase to the Ecumenical Temple.
  3487 | Temple   | Entered the Ecumenical Temple
  3930 | D:5      | Entered Level 5 of the Dungeon
  4147 | D:5      | Found the +4 robe of Augmentation {Str+4 Int+4 Dex+4}
  4202 | D:5      | Reached skill level 5 in Fighting
  4202 | D:5      | Reached skill level 5 in Dodging
  4202 | D:5      | Reached XP level 8. HP: 47/62 MP: 8/8
  5214 | D:6      | Reached XP level 9. HP: 53/69 MP: 9/9
  5929 | D:7      | Found Raukkuts's Self-Improvement Boutique.
  6758 | D:7      | Found a basalt altar of Yredelemnul.
  6761 | D:7      | Found a glowing silver altar of Zin.
  6761 | D:7      | Found a shadowy altar of Dithmenos.
  6762 | D:7      | Found a snail-covered altar of Cheibriados.
  6763 | D:7      | Found a sparkling altar of Nemelex Xobeh.
  6838 | D:7      | Became a worshipper of Nemelex Xobeh the Trickster
  6838 | D:7      | Reached * piety under Nemelex Xobeh
  6838 | D:7      | Received a gift from Nemelex Xobeh
  6838 | D:7      | Reached ** piety under Nemelex Xobeh
  6884 | D:7      | Found a broken altar of Ashenzari.
  6897 | D:7      | Reached skill level 10 in Long Blades
  6897 | D:7      | Reached skill level 1 in Invocations
  6897 | D:7      | Reached XP level 10. HP: 76/79 MP: 8/11
  6929 | D:7      | Reached skill level 2 in Invocations
  6992 | D:7      | Received a gift from Nemelex Xobeh
  7301 | D:8      | Reached skill level 3 in Invocations
  7349 | D:8      | Reached skill level 4 in Invocations
  7416 | D:8      | Reached skill level 5 in Invocations
  7588 | D:8      | Reached skill level 6 in Invocations
  8367 | D:9      | Received a gift from Nemelex Xobeh
  8390 | D:9      | Reached skill level 7 in Invocations
  8670 | D:9      | Reached *** piety under Nemelex Xobeh
  8687 | D:9      | Found a transporter.
  8810 | D:9      | Found a transporter.
  8811 | D:9      | Noticed vvl's ghost (novice DsVM)
  8940 | D:9      | Reached skill level 8 in Invocations
  9158 | D:9      | Found Meel's Distillery.
  9160 | D:9      | Found Ecloeklo's Antique Armour Boutique.
  9273 | D:9      | Found Payxelu's General Store.
  9274 | D:9      | Found Touxte's Assorted Antiques.
  9298 | D:9      | Bought a fine helmet for 237 gold pieces
  9298 | D:9      | Identified the -1 helmet of Seprua Fibra {-Cast rElec rN+++
                  | Dex+4} (You bought it in a shop on level 9 of the Dungeon)
  9562 | D:9      | Gained mutation: You are occasionally teleported next to
                  | monsters. [a neqoxec]
  9564 | D:9      | Gained mutation: Your magical capacity is low. (-10% MP) [a
                  | neqoxec]
  9566 | D:9      | Gained mutation: Your muscles are strong. (Str +4, Int/Dex
                  | -1) [a neqoxec]
  9568 | D:9      | Reached skill level 9 in Invocations
  9581 | D:9      | Killed vvl's ghost
  9582 | D:9      | Reached XP level 11. HP: 59/84 MP: 14/16
  9584 | D:9      | Reached skill level 10 in Invocations
  9712 | D:9      | Lost mutation: Your muscles are strong. (Str +4, Int/Dex
                  | -1) [potion of mutation]
  9712 | D:9      | Lost mutation: Your magical capacity is low. (-10% MP)
                  | [potion of mutation]
  9712 | D:9      | Gained mutation: You are partially covered in iridescent
                  | scales. (AC +2) [potion of mutation]
  9769 | D:10     | Entered Level 10 of the Dungeon
  9850 | D:10     | Found a runed translucent gate.
  9850 | D:10     | Found a runed translucent gate.
  9850 | D:10     | Found a runed translucent gate.
  9858 | D:10     | Noticed vampirul's ghost (journeyman FoFi)
  9862 | D:10     | Noticed a cyan ugly thing
  9865 | D:10     | Noticed a deep elf pyromancer
  9882 | D:10     | Identified the +4 falchion of Prudence {speed, rPois Int+4}
 10008 | D:10     | Reached skill level 11 in Invocations
 10586 | D:10     | Found a staircase to the Orcish Mines.
 10621 | D:10     | Identified the +6 chain mail "Reimoap" {Str+3 Dex+5}
 10652 | D:10     | Reached skill level 12 in Invocations
 11105 | D:11     | Noticed a cyclops
 11113 | D:11     | Killed a cyclops
 11144 | D:11     | Noticed a cyclops
 11579 | D:11     | Killed a cyclops
 11598 | D:11     | Received a gift from Nemelex Xobeh
 11628 | D:11     | Reached **** piety under Nemelex Xobeh
 11640 | D:11     | Noticed a two-headed ogre
 11662 | D:11     | Killed a two-headed ogre
 11663 | D:11     | Reached XP level 12. HP: 84/97 MP: 18/21
 11704 | D:11     | Reached skill level 10 in Fighting
 11781 | D:11     | Found a staircase to the Lair.
 11881 | D:11     | Noticed a two-headed ogre
 11889 | D:11     | Killed a two-headed ogre
 12334 | D:11     | Noticed a two-headed ogre
 12345 | D:11     | Killed a two-headed ogre
 12820 | D:12     | Reached skill level 10 in Dodging
 13192 | D:12     | Received a gift from Nemelex Xobeh
 13266 | D:12     | Noticed a two-headed ogre
 13274 | D:12     | Killed a two-headed ogre
 13419 | D:12     | Found Faad's Antique Armour Shoppe.
 13495 | D:12     | Reached skill level 13 in Invocations
 13499 | D:12     | Noticed a two-headed ogre
 13512 | D:12     | Killed a two-headed ogre
 13731 | D:12     | Noticed a seven-headed hydra
 13747 | D:12     | Killed an 11-headed hydra
 13863 | D:12     | Reached XP level 13. HP: 82/103 MP: 18/23
 14005 | Lair:1   | Entered Level 1 of the Lair of Beasts
 14029 | Lair:1   | Reached skill level 14 in Invocations
 14068 | Lair:1   | Reached skill level 15 in Invocations
 14330 | Lair:1   | Found a frozen archway.
 14340 | IceCv    | Entered an ice cave
 14899 | IceCv    | Reached skill level 16 in Invocations
 14980 | IceCv    | Found an ancient bone altar of Kikubaaqudgha.
 15449 | IceCv    | Identified the ring "Amuipydgh" {rN+ rCorr}
 16092 | D:9      | Bought a scroll of identify for 32 gold pieces
 16096 | D:9      | Bought a scroll of identify for 56 gold pieces
 16105 | D:9      | Bought a scroll of blinking for 120 gold pieces
 16109 | D:9      | Bought a potion of heal wounds for 65 gold pieces
 16109 | D:9      | Bought a potion of berserk rage for 65 gold pieces
 16109 | D:9      | Bought a potion of heal wounds for 65 gold pieces
 16109 | D:9      | Bought a potion of lignification for 39 gold pieces
 16606 | Lair:1   | Reached ***** piety under Nemelex Xobeh
 16794 | Lair:1   | Received a gift from Nemelex Xobeh
 17009 | Lair:2   | Reached XP level 14. HP: 115/115 MP: 26/26
 17380 | Lair:2   | Received a gift from Nemelex Xobeh
 17542 | Lair:2   | Found a staircase to the Shoals.
 17900 | Lair:3   | Noticed an entropy weaver
 17900 | Lair:3   | a death yak changed into an entropy weaver
 17900 | Lair:3   | Noticed a ghost moth
 17928 | Lair:2   | Killed a ghost moth
 18066 | Lair:2   | Noticed an emperor scorpion
 18066 | Lair:2   | a death yak changed into an emperor scorpion
 18128 | Lair:2   | Killed an emperor scorpion
 18387 | Lair:3   | Killed an entropy weaver
 18526 | Lair:3   | Received a gift from Nemelex Xobeh
 18797 | Lair:3   | Received a gift from Nemelex Xobeh
 18955 | Lair:3   | Found a staircase to the Snake Pit.
 19669 | Lair:4   | Received a gift from Nemelex Xobeh
 20851 | Lair:5   | Entered Level 5 of the Lair of Beasts
 20918 | Lair:4   | Reached XP level 15. HP: 40/120 MP: 3/27
 20919 | Lair:4   | Reached skill level 17 in Invocations
 21768 | Lair:5   | Received a gift from Nemelex Xobeh
 21815 | Lair:5   | Reached skill level 18 in Invocations
 21853 | Lair:5   | Noticed Sonja
 21871 | Lair:5   | Killed Sonja
 21913 | Lair:5   | Found a staircase to the Slime Pits.
 22517 | Lair:5   | Received a gift from Nemelex Xobeh
 22789 | Lair:5   | Got Kikubaaqudgh's Opusculum on Sinister Liturgies
 22812 | Lair:5   | Reached ****** piety under Nemelex Xobeh
 24333 | Lair:5   | Identified the +1 pair of boots of the End {Will+++}
 24586 | D:10     | Killed vampirul's ghost
 24587 | D:10     | Reached XP level 16. HP: 133/133 MP: 29/29
 24708 | D:13     | Received a gift from Nemelex Xobeh
 24786 | D:13     | Lost mutation: You are partially covered in iridescent
                  | scales. (AC +2) [potion of mutation]
 24786 | D:13     | Lost mutation: You are occasionally teleported next to
                  | monsters. [potion of mutation]
 24786 | D:13     | Gained mutation: You have large cloven feet. [potion of
                  | mutation]
 24786 | D:13     | Gained mutation: Your system is resistant to poisons.
                  | (rPois) [potion of mutation]
 25070 | D:13     | Found a gate to the Vaults.
 25221 | D:13     | Identified the +11 flail of Poverty {freeze, Dex+7 SInv
                  | Stlth+}
 25859 | D:14     | Noticed Kirke
 25883 | D:14     | Killed Kirke
 26132 | D:14     | Received a gift from Nemelex Xobeh
 26167 | D:14     | Found a hide-covered altar of Uskayaw.
 26647 | D:15     | Entered Level 15 of the Dungeon
 27036 | D:15     | Found a staircase to the Depths.
 28004 | D:15     | Reached XP level 17. HP: 138/139 MP: 30/30
 28238 | Orc:1    | Entered Level 1 of the Orcish Mines
 28337 | Orc:2    | Entered Level 2 of the Orcish Mines
 28369 | Orc:2    | Reached skill level 19 in Invocations
 28780 | Orc:2    | Found Deczy's Desiderata Depot.
 28880 | Orc:2    | Found a staircase to the Elven Halls.
 28901 | Orc:2    | Noticed Snorg
 28912 | Orc:2    | Killed Snorg
 29109 | Orc:2    | Received a gift from Nemelex Xobeh
 29405 | Orc:2    | Found Xuetsoh's Book Shop.
 30198 | Orc:2    | Noticed Donald
 30203 | Orc:2    | Reached skill level 20 in Invocations
 30214 | Orc:2    | Killed Donald
 30610 | Orc:2    | Received a gift from Nemelex Xobeh
 31114 | Orc:2    | Found Zamucvar's General Store.
 31116 | Orc:2    | Found Feadyq's Jewellery Boutique.
 31141 | Orc:2    | Found Buocepta's General Store.
 31223 | Orc:1    | Found Pupaoheu's Armour Shoppe.
 31240 | Orc:1    | Noticed Nergalle
 31261 | Orc:1    | Killed Nergalle
 31527 | Orc:2    | Bought a manual of Dodging for 1280 gold pieces
 31679 | Shoals:1 | Entered Level 1 of the Shoals
 32042 | Lair:2   | Reached skill level 15 in Fighting
 33515 | Shoals:1 | Noticed Jorgrun
 33520 | Shoals:1 | Killed Jorgrun
 33992 | Shoals:1 | Identified the ring "Waboxieh" {rF- rC++ AC+4 Dex+5}
 34195 | Shoals:1 | Found Xoudip's Magic Scroll Shoppe.
 34214 | Shoals:1 | Reached XP level 18. HP: 136/151 MP: 32/32
 34240 | Shoals:1 | Bought a scroll of blinking for 112 gold pieces
 34240 | Shoals:1 | Bought a scroll of teleportation for 45 gold pieces
 34240 | Shoals:1 | Bought a scroll of teleportation for 45 gold pieces
 34279 | Shoals:1 | Noticed a kraken
 34289 | Shoals:1 | Killed a kraken
 34505 | Shoals:2 | Reached skill level 15 in Long Blades
 34636 | Shoals:2 | Identified a scroll of acquirement
 34646 | Shoals:2 | Acquired 1035 gold pieces
 34693 | Shoals:2 | Noticed a kraken
 34714 | Shoals:2 | Killed a kraken
 35266 | Shoals:2 | You fall into a shaft and drop 1 floor!
 35266 | Shoals:3 | Received a gift from Nemelex Xobeh
 35536 | Shoals:3 | Received a gift from Nemelex Xobeh
 35671 | Shoals:2 | Reached skill level 15 in Dodging
 36092 | Shoals:3 | Received a gift from Nemelex Xobeh
 36295 | Shoals:3 | Found Lalegiaf's Antique Weapon Shop.
 36300 | Shoals:3 | Bought a steaming falchion for 208 gold pieces
 36300 | Shoals:3 | Identified the +5 falchion of Giumio {speed, rElec} (You
                  | bought it in a shop on level 3 of the Shoals)
 36417 | Shoals:4 | Entered Level 4 of the Shoals
 36552 | Shoals:4 | Identified the -1 trident "Arbiter" {vorpal, *Corrode rF+
                  | rN++ Str+4}
 36922 | Shoals:4 | Identified the ring "Leotil" {Fly rN+ Int+8 Dex-5}
 36956 | Shoals:4 | Received a gift from Nemelex Xobeh
 36991 | Shoals:4 | Hit by a javelin thrown by a merfolk javelineer

Illustrated notes

Levels and vault maps discovered:
D:1:      psy_arrival_whirlpool, layout_rooms,
          shapermc_ecumenical_altar_mp_urbaneastern
D:2:      minmay_skewed_foursquare, layout_rooms, solitary_fountain
D:3:      layout_loops_ring, minmay_diced_spiral, uniq_robin
D:4:      layout_basic, minmay_temple_entry_sparse_star
D:5:      layout_loops_ring, minmay_misc_feat_five
D:6:      layout_rooms, kennysheep_nub
D:7:      layout_rooms, mainiacjoe_overflow_small_starburst,
          grunt_temple_overflow_open, amcnicky_mini_corridor_feature,
          nicolae_shop_self_help
D:8:      cheibrodos_helix_gallery, layout_basic
D:9:      layout_loops_ring, gammafunk_ghost_stat_death, minmay_shop_grid_forest
D:10:     layout_irregular_city, orc_0_dummy, gammafunk_ghost_split, serial_ice,
          serial_ice_d, serial_ice_o, serial_ice_n, serial_ice_a
D:11:     layout_irregular_city, erik_lair_island, serial_co_window_serial,
          co_window_of_opportunity_a, co_window_paths_b, co_window_corner_a,
          co_window_corner_a, co_window_paths_a, co_window_paths_a,
          co_window_paths_a, co_window_broadway_a, co_window_unsneaky_path_c,
          co_window_unsneaky_path_c, co_window_unsneaky_path_d, glass_columns_a,
          glass_columns_c, glass_columns_a, glass_columns_a,
          minmay_misc_feat_tiny
D:12:     layout_big_octagon, serial_shops, shop
D:13:     layout_rooms, hangedman_vaults_entry_quadrant_bands
D:14:     layout_roguey [special_room_mythical_zoo], kennysheep_cross_room,
          nicolae_uskayaw_murder_on_the_dancefloor, uniq_kirke
D:15:     gammafunk_depths_entry_grave, layout_stronghold
Temple:   nicolae_temple_elliptical
Lair:1:   layout_cave_pods, portal_ice_cave_entry_pillars_2,
          infiniplex_staircase_pool_2
Lair:2:   layout_chaotic_city, minmay_shoals_entry_hut
Lair:3:   layout_regular_city, dummy_snake_entry, gauntlet_entry_generic
Lair:4:   layout_hall_layers, minmay_holes, roderic_batcave
Lair:5:   due_jungle_book, layout_regular_city, minmay_slime_entry_oklob_open,
          uniq_sonja
Shoals:1: layout_shoals, serial_shops, nicolae_shop_statue_plus, st_cyclops,
          uniq_jorgrun
Shoals:2: layout_shoals, nicolae_shoals_beach_house_on_fowls_legs
Shoals:3: layout_shoals, serial_shops, nicolae_shop_hallway_plus
Shoals:4: shoals_end_grunt_ice, layout_shoals,
          nicolae_shoals_siren_and_animal_friends
Orc:1:    layout_caves, serial_shops, shop, uniq_nergalle
Orc:2:    hellmonk_orc_salted, layout_caves, nicolae_alphabet_shops,
          hellmonk_bongcloud_opening, uniq_snorg, uniq_donald

Skill      XL: |  1  2  3  4  5  6  7  8  9 10 11 12 13 14 15 16 17 18 |
---------------+-------------------------------------------------------+-----
Long Blades    | 4 5 6 8 10 12 13 14 16 | 16.0
Fighting       | 4 5 7 9 10 12 14 16 | 16.0
Dodging        | 4 5 7 10 12 14 16 | 16.0
Invocations    | 1 9 12 13 16 18 20 | 20.5
Stealth        | |  2.0

Action                   |  1- 3 |  4- 6 |  7- 9 | 10-12 | 13-15 | 16-18 || total
-------------------------+-------+-------+-------+-------+-------+-------++-------
Melee: Falchion          |    97 |    30 |       |   412 |  1407 |   197 ||  2143
       Punch             |     1 |     2 |     1 |    12 |       |       ||    16
       Long sword        |       |       |   167 |   198 |       |       ||   365
       Great sword       |       |       |       |       |       |   479 ||   479
       Double sword      |       |       |       |       |       |   637 ||   637
 Fire: Sling             |       |   107 |   132 |     4 |       |       ||   243
Throw: Stone             |    34 |       |       |       |       |       ||    34
       Boomerang         |     2 |       |       |    20 |     7 |       ||    29
       Throwing net      |       |       |     1 |       |     1 |     1 ||     3
       Dart              |       |       |       |     3 |     7 |     9 ||    19
       Javelin           |       |       |       |       |     6 |     8 ||    14
Invok: Draw Destruction  |       |       |       |     9 |    26 |     7 ||    42
       Draw Summoning    |       |       |       |     2 |     6 |     4 ||    12
       Triple Draw       |       |       |       |     1 |       |     1 ||     2
       Deal Four         |       |       |       |       |     4 |     6 ||    10
       Draw Escape       |       |       |       |       |     9 |     1 ||    10
       Stack Five        |       |       |       |       |       |     1 ||     1
Evoke: Wand              |       |     1 |     2 |       |     1 |       ||     4
  Use: Potion            |     1 |     2 |     2 |     3 |     7 |     6 ||    21
       Scroll            |       |     9 |    11 |     4 |     4 |    12 ||    40
 Stab: Sleeping          |     4 |       |       |     6 |       |     9 ||    19
       Distracted        |       |       |       |     1 |     4 |     6 ||    11
       Petrified         |       |       |       |       |     7 |       ||     7
       Held in net/web   |       |       |       |       |     1 |       ||     1
Armor: Robe              |    24 |    20 |    65 |   147 |   233 |   273 ||   762
Dodge: Dodged            |    59 |    47 |   161 |   647 |  1478 |  2493 ||  4885
